 Dungeon Sprint DCSS version 0.23-a0-455-ge12115f (webtiles) character file.

268 JosiahThimblerig the Fighter (level 6, -9/64 HPs)
             Began as a Hill Orc Berserker on Nov 24, 2018.
             Was a Believer of Trog.
             Mangled by a slime creature (20 damage)
             ... in the Dungeon (Sprint I: "Red Sonja").
             The game lasted 00:04:33 (634 turns).

JosiahThimblerig the Fighter (Hill Orc Berserker)    Turns: 634, Time: 00:04:34

Health: -9/64      AC: 11    Str: 21    XL:     6   Next: 21%
Magic:  6/6        EV: 13    Int:  7    God:    Trog [**....]
Gold:   108        SH:  0    Dex: 11    Spells: 5/5 levels left

rFire    . . .     SeeInvis .   m - +1 scythe (protect)
rCold    + . .     Gourm    .   (shield currently unavailable)
rNeg     . . .     Faith    .   n - +2 robe {rC+}
rPois    .         Spirit   .   (no helmet)
rElec    .         Reflect  .   (no cloak)
rCorr    .         Harm     .   (no gloves)
MR       .....     NoTele   +   (no boots)
Stlth    +.........             (no amulet)
HPRegen  0.20/turn              (no ring)
MPRegen  0.10/turn              (no ring)

@: protection aura
A: no striking features
a: Berserk, Trog's Hand, Renounce Religion


You were in the Dungeon.
You worshipped Trog.
Trog was pleased with you.
You were not hungry.

You visited 1 branch You collected 108 gold pieces.

Inventory:

Hand Weapons
 a - a +0 spear
 k - a +0 giant spiked club
 m - a +1 scythe of protection (weapon)
Armour
 b - a +0 animal skin
 j - a +0 leather armour
 n - a +2 robe of cold resistance (worn)
Scrolls
 i - a scroll of blinking
Potions
 d - a potion of curing
 e - a potion of heal wounds
 f - a potion of haste
 g - 2 potions of magic
 h - a potion of berserk rage
Comestibles
 c - a ration
 l - a chunk of flesh


   Skills:
 + Level 9.6 Fighting
 + Level 9.4 Polearms
 + Level 4.2 Armour
 + Level 4.3 Dodging


You had 5 spell levels left.
You didn't know any spells.
Your spell library was empty.

Dungeon Overview and Level Annotations

Branches:
Dungeon (1/1)

Altars:
Makhleb
Xom
Jiyva
Lugonu


Message History

The slime creature is lightly wounded.
The slime creature closely misses you. The slime creature hits you!
You hit the slime creature.
Your weapon exudes an aura of protection.
The slime creature is lightly wounded.
The slime creature completely misses you.
You hit the slime creature.
The slime creature is lightly wounded.
The slime creature hits you!
* * * LOW HITPOINT WARNING * * *
The slime creature hits you but does no damage.
You slash the slime creature!
The slime creature is moderately wounded.
The slime creature hits you.
* * * LOW HITPOINT WARNING * * *
Unknown command.
You slash the slime creature!
The slime creature is heavily wounded.
The slime creature closely misses you. The slime creature hits you!!
You die...

################ ##
#<.#..'..#..'..#__#
#..'..#..'÷.#.@J..+
#..#####+#####+#__#
#..# ## #..# #..#
#⌠⌠# ####


You could see a slime creature.

Vanquished Creatures
  Sigmund (D)
  An ogre (D)
  Ijyb (D)
3 creatures vanquished.

Notes
Turn   | Place    | Note
-------+----------+-------------------------------------------
     0 | D        | JosiahThimblerig the Hill Orc Berserker began the quest for
                  | the Orb.
     0 | D        | Reached XP level 1. HP: 19/19 MP: 1/1
     1 | D        | Noticed Ijyb
    35 | D        | Killed Ijyb
    35 | D        | Reached skill level 5 in Fighting
    35 | D        | Reached skill level 5 in Polearms
    35 | D        | Reached XP level 2. HP: 6/29 MP: 2/2
    35 | D        | Reached XP level 3. HP: 7/36 MP: 3/3
   281 | D        | Noticed an ogre
   298 | D        | Killed an ogre
   298 | D        | Reached XP level 4. HP: 19/47 MP: 4/4
   493 | D        | Noticed Sigmund
   521 | D        | Killed Sigmund
   521 | D        | Reached ** piety under Trog
   521 | D        | Reached XP level 5. HP: 40/57 MP: 5/5
   521 | D        | Reached XP level 6. HP: 45/64 MP: 6/6
   626 | D        | Found a burning altar of Makhleb.
   626 | D        | Found a viscous altar of Jiyva.
   626 | D        | Found a shimmering altar of Xom.
   626 | D        | Found a corrupted altar of Lugonu.
   626 | D        | Noticed a slime creature
   634 | D        | Mangled by a slime creature

Vault maps used:
D:        dungeon_sprint_1

Skill      XL: |  1  2  3  4 |
---------------+-------------+-----
Fighting       | 5 7 9 |  9.6
Polearms       | 5 7 9 |  9.4
Dodging        | 2 3 4 |  4.3
Armour         | 3 4 |  4.2

Action                   |  1- 3 |  4- 6 || total
-------------------------+-------+-------++-------
Melee: Spear             |    50 |    27 ||    77
       Scythe            |       |     6 ||     6
Armor: Animal skin       |     3 |       ||     3
       Leather armour    |       |     2 ||     2
       Robe              |       |     1 ||     1
Dodge: Dodged            |    24 |    12 ||    36

Table legend:
 A = Non-vault XP
 B = Vault XP
 C = Vault XP percentage of total XP
 D = Non-vault monster count
 E = Vault monster count
 F = Vault count percentage of total count
                 A         B        C        D         E       F
            +---------+---------+-------+---------+---------+-------
      Total |       0 |     384 | 100.0 |       0 |       3 | 100.0
            +---------+---------+-------+---------+---------+-------
          D |       0 |     384 | 100.0 |       0 |       3 | 100.0
            +---------+---------+-------+---------+---------+-------
